AA NE
MAHONING VALLEY SCRAPPERS @ ERIE SEAWOLVES
08/03/2041
 
TOP OF THE 1ST
Mahoning Valley Scrappers batting - Pitching for Erie SeaWolves : LHP Jesús Arteaga
Pitching: LHP Jesús Arteaga
Batting: LHB Clint Moore 0-0: Called Strike
0-1: Ball
1-1: Swinging Strike
1-2: Foul Ball, location: 2F
1-2: Ball
2-2: Strikes out swinging
Batting: RHB António Acosta 0-0: Called Strike
0-1: Ball
1-1: Called Strike
1-2: Ball
2-2: Strikes out swinging
Batting: RHB Jorge Hurtado 0-0: Foul Ball, location: 7LSF
0-1: Fly out, F7 (Flyball, 7, EV 95.6 MPH)
Top of the 1st over - 0 runs, 0 hits, 0 errors, 0 left on base; Mahoning Valley 0 - Erie 0
BOTTOM OF THE 1ST
Erie SeaWolves batting - Pitching for Mahoning Valley Scrappers : RHP Darren Bare
Pitching: RHP Darren Bare
Batting: SHB Luis Alemán 0-0: Ball
1-0: Swinging Strike
1-1: Ground out 1-3 (Groundball, 34S, EV 65.0 MPH)
Batting: SHB António González 0-0: SINGLE (Groundball, 4MD, EV 98.8 MPH)
Batting: LHB António García 0-0: Called Strike
0-1: Foul Ball, location: 2F
0-2: Strikes out looking
Batting: LHB Kevin Richter 0-0: Ball
1-0: Ball
2-0: Ball
3-0: Base on Balls
António González to second
Batting: SHB Billy Davis 0-0: Ball
1-0: Foul Ball, location: 9LMF
1-1: SINGLE (Flyball, 9S, EV 95.0 MPH)
António González to third
Kevin Richter to second
Runner from 3rd tries for Home, throw by RF and OUT! 9-2
Bottom of the 1st over - 0 runs, 2 hits, 0 errors, 2 left on base; Mahoning Valley 0 - Erie 0
TOP OF THE 2ND
Mahoning Valley Scrappers batting - Pitching for Erie SeaWolves : LHP Jesús Arteaga
Batting: RHB Ben Margerson 0-0: Swinging Strike
0-1: Ball
1-1: Swinging Strike
1-2: Strikes out looking
Batting: RHB Tony Warren 0-0: Swinging Strike
0-1: Called Strike
0-2: Strikes out swinging
Batting: RHB Dennis Lidstone 0-0: Ball
1-0: Called Strike
1-1: Called Strike
1-2: Foul Ball, location: 3F
1-2: Ball
2-2: Foul Ball, location: 2F
2-2: Strikes out swinging
Top of the 2nd over - 0 runs, 0 hits, 0 errors, 0 left on base; Mahoning Valley 0 - Erie 0
BOTTOM OF THE 2ND
Erie SeaWolves batting - Pitching for Mahoning Valley Scrappers : RHP Darren Bare
Batting: RHB Kevin Brown 0-0: Fly out, F9 (Flyball, 9LS, EV 76.3 MPH)
Batting: RHB Dan Strong 0-0: Called Strike
0-1: Ground out 6-3 (Groundball, 6, EV 94.4 MPH)
Batting: RHB Jorge Sánchez 0-0: Called Strike
0-1: Ball
1-1: Ground out 4-3 (Groundball, 4, EV 90.6 MPH)
Bottom of the 2nd over - 0 runs, 0 hits, 0 errors, 0 left on base; Mahoning Valley 0 - Erie 0
TOP OF THE 3RD
Mahoning Valley Scrappers batting - Pitching for Erie SeaWolves : LHP Jesús Arteaga
Batting: RHB Jorge Vega 0-0: SINGLE (Flyball, 89M, EV 89.4 MPH)
Batting: RHB Albert Campion 0-0: Called Strike
0-1: Sac Bunt to 23 - play at first, batter OUT! 3-4
Jorge Vega to second
Batting: LHB John Pruvost 0-0: Foul Ball, location: 2F
0-1: Ball
1-1: Swinging Strike
1-2: Ball
2-2: Ball
3-2: Foul Ball, location: 3SF
3-2: Hit by Pitch
Batting: LHB Clint Moore 0-0: Ball
1-0: Ball
2-0: Ball
3-0: Base on Balls
Jorge Vega to third
John Pruvost to second
Batting: RHB António Acosta 0-0: Ball
1-0: Foul Ball, location: 2F
1-1: Ball
2-1: Ball
3-1: Base on Balls
Jorge Vega scores
John Pruvost to third
Clint Moore to second
Batting: RHB Jorge Hurtado 0-0: Fly out, F8 (Flyball, 89S, EV 82.5 MPH)
Batting: RHB Ben Margerson 0-0: Ball
1-0: Ball
2-0: Ball
3-0: Base on Balls
John Pruvost scores
Clint Moore to third
António Acosta to second
Batting: RHB Tony Warren 0-0: Foul Ball, location: 2F
0-1: Ball
1-1: Called Strike
1-2: Foul Ball, location: 23F
1-2: Strikes out swinging
Top of the 3rd over - 2 runs, 1 hit, 0 errors, 3 left on base; Mahoning Valley 2 - Erie 0
BOTTOM OF THE 3RD
Erie SeaWolves batting - Pitching for Mahoning Valley Scrappers : RHP Darren Bare
Batting: RHB Esteban González 0-0: Called Strike
0-1: Called Strike
0-2: Ball
1-2: Strikes out swinging
Batting: SHB Luis Alemán 0-0: Ball
1-0: Ground out 4-3 (Groundball, 4, EV 107.5 MPH)
Batting: SHB António González 0-0: SINGLE (Line Drive, 8RS, EV 105.0 MPH)
Batting: LHB António García 0-0: Called Strike
0-1: Swinging Strike
0-2: Foul Ball, location: 3F
0-2: Strikes out swinging
Bottom of the 3rd over - 0 runs, 1 hit, 0 errors, 1 left on base; Mahoning Valley 2 - Erie 0
TOP OF THE 4TH
Mahoning Valley Scrappers batting - Pitching for Erie SeaWolves : LHP Jesús Arteaga
Batting: RHB Dennis Lidstone 0-0: Ball
1-0: Ball
2-0: Called Strike
2-1: Foul Ball, location: 2F
2-2: Ball
3-2: Strikes out swinging
Batting: RHB Jorge Vega 0-0: Ball
1-0: Ground out 6-3 (Groundball, 6M, EV 99.4 MPH)
Batting: RHB Albert Campion 0-0: Foul Ball, location: 2F
0-1: Called Strike
0-2: Ball
1-2: Ball
2-2: Strikes out swinging
Top of the 4th over - 0 runs, 0 hits, 0 errors, 0 left on base; Mahoning Valley 2 - Erie 0
BOTTOM OF THE 4TH
Erie SeaWolves batting - Pitching for Mahoning Valley Scrappers : RHP Darren Bare
Batting: LHB Kevin Richter 0-0: Ball
1-0: Swinging Strike
1-1: Foul Ball, location: 2LF
1-2: Strikes out swinging
Batting: SHB Billy Davis 0-0: Called Strike
0-1: Swinging Strike
0-2: Ball
1-2: SOLO HOME RUN (Flyball, 7D, EV 99.4 MPH), Distance : 386 ft
Batting: RHB Kevin Brown 0-0: Called Strike
0-1: Foul Ball, location: 3F
0-2: Fly out, F4 (Popup, 4MD, EV 56.3 MPH)
Batting: RHB Dan Strong 0-0: Ball
1-0: Swinging Strike
1-1: Ball
2-1: Ball
3-1: Base on Balls
Batting: RHB Jorge Sánchez 0-0: Fly out, F6 (Popup, P, EV 86.9 MPH)
Bottom of the 4th over - 1 run, 1 hit, 0 errors, 1 left on base; Mahoning Valley 2 - Erie 1
TOP OF THE 5TH
Mahoning Valley Scrappers batting - Pitching for Erie SeaWolves : LHP Jesús Arteaga
Batting: LHB John Pruvost 0-0: Foul Ball, location: 7LMF
0-1: Fly out, F8 (Flyball, 78M, EV 90.0 MPH)
Batting: LHB Clint Moore 0-0: Ball
1-0: Foul Ball, location: 2F
1-1: Ball
2-1: SINGLE (Line Drive, 8LS, EV 95.0 MPH)
Batting: RHB António Acosta 0-0: Ball
Clint Moore is caught stealing 2nd base 2-4
1-0: Called Strike
1-1: Fly out, F9 (Flyball, 9D, EV 104.4 MPH)
Top of the 5th over - 0 runs, 1 hit, 0 errors, 0 left on base; Mahoning Valley 2 - Erie 1
BOTTOM OF THE 5TH
Erie SeaWolves batting - Pitching for Mahoning Valley Scrappers : RHP Darren Bare
Batting: RHB Esteban González 0-0: Foul Ball, location: 2F
0-1: Ball
1-1: Ball
2-1: Ball
3-1: Base on Balls
Batting: SHB Luis Alemán 0-0: Bunted foul
0-1: Sac Bunt to 13S - play at first, batter safe!
Esteban González to second
Batting: SHB António González 0-0: Sac Bunt to 23 - play at first, batter OUT! 3-4
Esteban González to third
Luis Alemán to second
Batting: LHB António García 0-0: Ball
1-0: Ball
2-0: TRIPLE (Line Drive, 89XD, EV 102.5 MPH)
Esteban González scores
Luis Alemán scores
Batting: LHB Kevin Richter 0-0: Ball
1-0: Fly out, F9 (Flyball, 89D, EV 88.1 MPH)
Runner from 3rd tags up, SCORES, throw by RF
Batting: SHB Billy Davis 0-0: Ball
1-0: Ball
2-0: Called Strike
2-1: Called Strike
2-2: Ball
3-2: Strikes out looking
Bottom of the 5th over - 3 runs, 2 hits, 0 errors, 0 left on base; Mahoning Valley 2 - Erie 4
TOP OF THE 6TH
Mahoning Valley Scrappers batting - Pitching for Erie SeaWolves : LHP Jesús Arteaga
Batting: RHB Jorge Hurtado 0-0: Ball
1-0: TRIPLE (Groundball, 3L, EV 102.5 MPH)
Batting: RHB Ben Margerson 0-0: Ball
1-0: Ball
2-0: Ball
3-0: Base on Balls
Batting: RHB Tony Warren 0-0: Called Strike
0-1: Ball
1-1: Fly out, F8 (Flyball, 78M, EV 89.4 MPH)
Batting: RHB Dennis Lidstone 0-0: Ball
Ben Margerson steals 2nd base (no throw)
1-0: Fielders Choice attempt at home, Runner SAFE. 5-2 (Groundball, 56S, EV 85.6 MPH)
Ben Margerson to third
Batting: RHB Jorge Vega 0-0: Foul Ball, location: 2F
0-1: Swinging Strike
0-2: Ball
1-2: Ball
2-2: Strikes out swinging
Batting: RHB Albert Campion 0-0: Called Strike
0-1: Ball
1-1: Foul Ball, location: 5FF
1-2: Strikes out swinging
Top of the 6th over - 1 run, 1 hit, 0 errors, 2 left on base; Mahoning Valley 3 - Erie 4
BOTTOM OF THE 6TH
Erie SeaWolves batting - Pitching for Mahoning Valley Scrappers : RHP Darren Bare
Batting: RHB Kevin Brown 0-0: Ball
1-0: Called Strike
1-1: Ball
2-1: Ground out 6-3 (Groundball, 6, EV 88.8 MPH)
Batting: RHB Dan Strong 0-0: Ball
1-0: SINGLE (Line Drive, 89S, EV 100.6 MPH)
Batting: RHB Jorge Sánchez 0-0: Foul Ball, location: 2F
0-1: Ball
1-1: Grounds into double play, 4-6-3 (Groundball, 4M, EV 90.6 MPH)
Bottom of the 6th over - 0 runs, 1 hit, 0 errors, 0 left on base; Mahoning Valley 3 - Erie 4
TOP OF THE 7TH
Mahoning Valley Scrappers batting - Pitching for Erie SeaWolves : LHP Jesús Arteaga
Pinch Hitting: RHB Alex Martin 0-0: Ball
1-0: Ball
2-0: Called Strike
2-1: Foul Ball, location: 2F
2-2: Ball
3-2: Base on Balls
Batting: LHB Clint Moore 0-0: Swinging Strike
0-1: Grounds into double play, 4-6-3 (Groundball, 4, EV 105.6 MPH)
Batting: RHB António Acosta 0-0: Called Strike
0-1: Called Strike
0-2: Foul Ball, location: 2F
0-2: Ball
1-2: SINGLE (Line Drive, 78S, EV 83.8 MPH)
Pitching: LHP Jim Bermúdez
Batting: RHB Jorge Hurtado 0-0: Called Strike
0-1: Swinging Strike
0-2: Strikes out swinging
Top of the 7th over - 0 runs, 1 hit, 0 errors, 1 left on base; Mahoning Valley 3 - Erie 4
BOTTOM OF THE 7TH
Erie SeaWolves batting - Pitching for Mahoning Valley Scrappers : RHP Darren Bare
Now in RF: Juan Acevedo
Batting: RHB Esteban González 0-0: Foul Ball, location: 9LSF
0-1: SINGLE (Groundball, 6MD, EV 108.8 MPH)
Batting: SHB Luis Alemán 0-0: Ground out U3 (Groundball, 13, EV 82.5 MPH)
Esteban González to second
Batting: SHB António González 0-0: Ball
1-0: Called Strike
1-1: Ball
2-1: Called Strike
2-2: Foul Ball, location: 2F
2-2: Foul Ball, location: 5F
2-2: Foul Ball, location: 2F
2-2: Ground out 3-1 (Groundball, 34S, EV 83.1 MPH)
Esteban González to third
Batting: LHB António García 0-0: Ball
1-0: Called Strike
1-1: Called Strike
1-2: Strikes out swinging
Bottom of the 7th over - 0 runs, 1 hit, 0 errors, 1 left on base; Mahoning Valley 3 - Erie 4
TOP OF THE 8TH
Mahoning Valley Scrappers batting - Pitching for Erie SeaWolves : LHP Jim Bermúdez
Batting: RHB Ben Margerson 0-0: Called Strike
0-1: Swinging Strike
0-2: Ball
1-2: Ball
2-2: Ball
3-2: Ground out 6-3 (Groundball, 56, EV 87.5 MPH)
Batting: RHB Tony Warren 0-0: Ground out 5-3 (Groundball, 5, EV 81.9 MPH)
Batting: RHB Dennis Lidstone 0-0: Ball
1-0: Ball
2-0: Ground out 4-3 (Groundball, 34S, EV 91.9 MPH)
Top of the 8th over - 0 runs, 0 hits, 0 errors, 0 left on base; Mahoning Valley 3 - Erie 4
BOTTOM OF THE 8TH
Erie SeaWolves batting - Pitching for Mahoning Valley Scrappers : RHP Darren Bare
Pitching: RHP José Herrera
Batting: LHB Kevin Richter 0-0: Called Strike
0-1: Swinging Strike
0-2: Ball
1-2: Foul Ball, location: 25F
1-2: Foul Ball, location: 2F
1-2: Ball
2-2: Ball
3-2: Foul Ball, location: 2F
3-2: Fly out, F8 (Line Drive, 8RM, EV 86.3 MPH)
Batting: SHB Billy Davis 0-0: Called Strike
0-1: Swinging Strike
0-2: Foul Ball, location: 7LMF
0-2: Ground out 4-3 (Groundball, 4, EV 85.6 MPH)
Batting: RHB Kevin Brown 0-0: Called Strike
0-1: Ball
1-1: Swinging Strike
1-2: Foul Ball, location: 2F
1-2: Ground out 6-3 (Groundball, 6, EV 86.9 MPH)
Bottom of the 8th over - 0 runs, 0 hits, 0 errors, 0 left on base; Mahoning Valley 3 - Erie 4
TOP OF THE 9TH
Mahoning Valley Scrappers batting - Pitching for Erie SeaWolves : LHP Jim Bermúdez
Pitching: LHP Harry MacBride
Batting: RHB Jorge Vega 0-0: Ball
1-0: Swinging Strike
1-1: Called Strike
1-2: Foul Ball, location: 2F
1-2: Ball
2-2: Ball
3-2: Base on Balls
Batting: RHB Albert Campion 0-0: Sac Bunt to 13S - play at first, batter OUT! 1-3
Jorge Vega to second
Batting: RHB Juan Acevedo 0-0: Ground out 6-3 (Groundball, 6MD, EV 99.4 MPH)
Batting: LHB Clint Moore 0-0: Ground out U3 (Groundball, 3S, EV 84.4 MPH)
Top of the 9th over - 0 runs, 0 hits, 0 errors, 1 left on base; Mahoning Valley 3 - Erie 4
Monday, April 1st , 2024 - OOTP Baseball 24.10 Build 82